 Dungeon Crawl Stone Soup version 0.28.0 (webtiles) character file.

Game seed: 1594630845673484026

49 croobank the Insei (level 3, -8/23 HPs)
             Began as an Octopode Transmuter on Feb 13, 2022.
             Was an Initiate of Vehumet.
             Mangled by an iguana (14 damage)
             ... on level 3 of the Dungeon on Feb 14, 2022.
             The game lasted 00:05:51 (2743 turns).

croobank the Insei (Octopode Transmuter)            Turns: 2743, Time: 00:05:52

Health: -8/23      AC:  1    Str:  9    XL:     3   Next: 75%
Magic:  3/6        EV: 13    Int: 17    God:    Vehumet [......]
Gold:   93         SH:  0    Dex: 12    Spells: 0/6 levels left

rFire   . . .      SeeInvis .   i - +0 mace
rCold   . . .      Faith    .   (no shield)
rNeg    . . .      Spirit   .   (helmet currently unavailable)
rPois   .          Reflect  .   (no amulet)
rElec   .          Harm     .   (no ring)
rCorr   .          Rampage  .   (no ring)
Will    .....                   (no ring)
Stlth   +++.......              (no ring)
HPRegen 0.07/turn               (no ring)
MPRegen 0.10/turn               (no ring)
                                (no ring)
                                (no ring)

@: appendages, wereblooded
A: tentacle spike 3, almost no armour, amphibious, 8 rings, camouflage 1,
gelatinous body 1, (nimble swimmer 1), tentacles
a: End Transformation, Renounce Religion


You were on level 3 of the Dungeon.
You worshipped Vehumet.
Vehumet was noncommittal.
One of your tentacles had grown a beastly spike.
You visited 1 branch of the dungeon, and saw 3 of its levels.

You collected 93 gold pieces.

Inventory:

Hand Weapons
 i - a +0 mace (weapon)
Missiles
 a - 44 stones
 c - 6 poisoned darts
 f - 16 sling bullets
 h - 4 silver boomerangs
Scrolls
 e - a scroll of magic mapping {unknown}
 g - a scroll of enchant weapon {unknown}
 j - a scroll of silence {unknown}
 l - a scroll of amnesia {unknown}
Potions
 b - a potion of flight {unknown}
 d - a potion of degeneration {unknown}
 k - a potion of attraction {unknown}


   Skills:
 + Level 1.5 Fighting
 + Level 2.3 Dodging
 + Level 2.1 Stealth
 - Level 3.2 Unarmed Combat
 + Level 2.3 Spellcasting
 + Level 2.3 Transmutations


You couldn't memorise any spells.
You knew the following spells:

 Your Spells              Type           Power      Damage    Failure   Level
a - Beastly Appendage     Tmut           20%        N/A       7%          1
b - Wereblood             Tmut           10%        N/A       11%         2
c - Spider Form           Tmut/Pois      6%         N/A       34%         3

Your spell library contained the following spells:

 Spells                   Type           Power      Damage    Failure   Level
 Ice Form                 Ice/Tmut       6%         N/A       75%         4


Dungeon Overview and Level Annotations

Branches:
Dungeon (3/15)

Altars:
Vehumet


Innate Abilities, Weirdness & Mutations

One of your tentacles has grown a beastly spike.
You cannot wear most types of armour.
You are amphibious.
You can wear up to eight rings at the same time.
Your skin changes colour to match your surroundings (Stealth+).
Your rubbery body absorbs attacks. (AC +1, EV +1)
((You are camouflaged when in or above water. (Stealth+)))
You have tentacles for arms and can constrict up to eight enemies at once.


Message History

You start resting.
Magic restored.
Your tentacle spike disappears.
HP restored.
A frilled lizard comes into view.
Casting: Beastly Appendage (safe; 7% risk of failure)
Confirm with . or Enter, or press ? or * to list all spells.
One of your tentacles grows a vicious spike.
An iguana comes into view.
Found 6 gold pieces.
The helpless frilled lizard fails to defend itself.
You hit the frilled lizard.
You kill the frilled lizard!
Vehumet accepts your kill.
You see here a frilled lizard corpse.
Casting: Beastly Appendage (safe; 7% risk of failure)
Confirm with . or Enter, or press ? or * to list all spells.
You extend your transformation's duration.
The iguana hisses angrily.
Casting: Beastly Appendage (safe; 7% risk of failure)
Confirm with . or Enter, or press ? or * to list all spells.
Your blood is infused with primal strength.
You barely miss the iguana. You grab the iguana.
You pierce the iguana.
The iguana is lightly wounded.
You constrict the iguana, but do no damage.
The iguana bites you.
You hit the iguana but do no damage.
You pierce the iguana, but do no damage.
The iguana is lightly wounded.
You constrict the iguana. The iguana bites you!
* * * LOW HITPOINT WARNING * * *
The iguana closely misses you.
You hit the iguana but do no damage.
The iguana is moderately wounded.
You constrict the iguana, but do no damage.
The iguana closely misses you.
You barely miss the iguana.
You pierce the iguana.
You squeeze the iguana.
The iguana is severely wounded.
You constrict the iguana. The iguana barely misses you. The iguana bites you!
Ouch! That really hurt!
You die...

#.........
#.........
#.........
#.........
#.........
#......$..
###..l...... #.†.@#
#....# ##########
#....# #.........
#....# #.########
#....###.#####
#............####..
#.........)<.......
##...........######
#...........#


You could see an iguana.

Vanquished Creatures
  An adder (D:2)
  4 bats
  4 endoplasms
  2 goblins
  2 hobgoblins
  3 jackals (D:2)
  A quokka (D:1)
  5 ball pythons
  4 frilled lizards
  6 kobolds
  5 rats
37 creatures vanquished.

Notes
Turn   | Place    | Note
-------+----------+-------------------------------------------
     0 | D:1      | croobank the Octopode Transmuter began the quest for the
                  | Orb.
     0 | D:1      | Reached XP level 1. HP: 13/13 MP: 3/3
   511 | D:1      | Reached XP level 2. HP: 18/18 MP: 3/5
   521 | D:1      | Learned a level 2 spell: Wereblood
   574 | D:1      | Reached skill level 1 in Stealth
  1528 | D:2      | Found a radiant altar of Vehumet.
  1536 | D:2      | Became a worshipper of Vehumet
  1636 | D:2      | Reached XP level 3. HP: 17/23 MP: 4/6
  1640 | D:2      | Learned a level 3 spell: Spider Form
  2743 | D:3      | Mangled by an iguana

Illustrated notes

Levels and vault maps discovered:
D:1:      saegor_arrival_simple_b, layout_loops_corners
D:2:      layout_loops_ring, basic_altar
D:3:      layout_basic, mainiacjoe_overflow_alcove_1, kennysheep_generic_room_7

Skill      XL: |  1  2  3 |
---------------+----------+-----
Stealth        | 1 2 |  2.1
Fighting       | |  1.5
Dodging        | |  2.3
Unarmed Combat | |  3.2
Spellcasting   | |  2.3
Transmutations | |  2.3

Action                   || total
-------------------------++-------
Melee: Unarmed           ||    55
       Constrict         ||    15
       Tentacles         ||     7
       Kick              ||    19
       Punch             ||     2
       Mace              ||    21
 Cast: Beastly Appendage ||    27
       Wereblood         ||     2
 Stab: Sleeping          ||    13
Armor: Skin              ||     4
Dodge: Dodged            ||    43
